 Dungeon Crawl Stone Soup version 0.28.0-53-g5a82cb258f (webtiles) character file.

Game seed: 18089260930314276029

174 safid the Chopper (level 5, -4/46 HPs)
             Began as a Hill Orc Fighter on Aug 15, 2022.
             Succumbed to Ijyb's poison
             ... while paralysed by Ijyb
             ... on level 4 of the Dungeon.
             The game lasted 00:02:34 (2557 turns).

safid the Chopper (Hill Orc Fighter)                Turns: 2557, Time: 00:02:35

Health: -4/46      AC: 10    Str: 21    XL:     5   Next: 54%
Magic:  5/5        EV:  2    Int:  8    God:
Gold:   171        SH:  0    Dex: 10    Spells: 4/4 levels left

rFire   . . .      SeeInvis .   a - +0 war axe
rCold   . . .      Faith    .   c - +0 buckler
rNeg    . . .      Spirit   .   b - +0 scale mail
rPois   .          Reflect  .   (no helmet)
rElec   .          Harm     .   (no cloak)
rCorr   .          Rampage  .   j - +0 pair of gloves
Will    .....                   g - +1 pair of boots
Stlth   ..........              (no amulet)
HPRegen 0.15/turn               (no ring)
MPRegen 0.09/turn               (no ring)

@: paralysed, lethally poisoned (-4 -> -26)
A: no striking features
a: no special abilities


You were on level 4 of the Dungeon.
You visited 1 branch of the dungeon, and saw 4 of its levels.

You collected 171 gold pieces.

Inventory:

Hand Weapons
 a - a +0 war axe (weapon)
Missiles
 o - 2 poisoned darts (quivered)
Armour
 b - a +0 scale mail (worn)
 c - a +0 buckler (worn)
 g - a +1 pair of boots (worn)
 j - a +0 pair of gloves (worn)
Wands
 n - a wand of iceblast (10)
Scrolls
 e - 5 scrolls of identify {unknown}
 f - a scroll of immolation {unknown}
 m - 2 scrolls of teleportation {unknown}
 q - a scroll of enchant weapon {unknown}
Potions
 h - a potion of magic {unknown}
 i - a potion of invisibility {unknown}
 k - a potion of curing {unknown}
 l - a potion of berserk rage {unknown}
 p - a potion of haste {unknown}


   Skills:
 - Level 4.0 Fighting
 + Level 6.1 Axes
 - Level 4.0 Armour
 - Level 4.0 Shields


You had 4 spell levels left.
You didn't know any spells.
Your spell library contained the following spells:

 Spells                   Type           Power      Damage    Failure   Level
 Ensorcelled Hibernation  Hex/Ice        0%         N/A       92%         2
 Passwall                 Tmut/Erth      0%         N/A       92%         2
 Swiftness                Air            0%         N/A       99%         3


Dungeon Overview and Level Annotations

Branches:
Dungeon (4/15)
 Temple: D:4-7

Altars:
Dithmenos
Makhleb
Ru
Sif Muna

Shops:
D:2 *

Annotations:
D:4 Ijyb


Message History

You slash Ijyb!
Ijyb is heavily wounded.
You feel very sick.
Ijyb hits you with a +0 dagger of venom.
You are lethally poisoned!
You hit Ijyb.
Ijyb is heavily wounded.
You feel extremely sick. Ijyb hits you but does no damage. x2
You are more poisoned.
You are too injured to fight recklessly!
You are too injured to fight recklessly!
You are too injured to fight recklessly!
You are too injured to fight recklessly!
You are too injured to fight recklessly!
You are too injured to fight recklessly!
You are too injured to fight recklessly!
You are too injured to fight recklessly!
You are too injured to fight recklessly!
You are too injured to fight recklessly!
You are too injured to fight recklessly!
You are too injured to fight recklessly!
You are too injured to fight recklessly!
You are too injured to fight recklessly!
You are too injured to fight recklessly!
You are too injured to fight recklessly!
Unknown command.
You hit Ijyb.
Ijyb is severely wounded.
* * * LOW HITPOINT WARNING * * *
You feel extremely sick.
Ijyb zaps a wand.
You suddenly lose the ability to move!
* * * LOW HITPOINT WARNING * * *
You feel very sick. Ijyb hits you but does no damage.
You are more poisoned.
* * * LOW HITPOINT WARNING * * *
You feel very sick. Ijyb hits you but does no damage.
You die...

.##...##...#..#
...##...#..........
....##...(........#
.....#.≈§§._.≈≈≈.#
........≈...§§..#
.....≈.≈≈.≈§§≈.#
#..≈).g...§≈.#
#.§≈≈≈@≈§≈≈.## ###
#............#
###.###.≈§≈≈.≈≈§§§.#
#####.......≈......§≈§.#
#..##...#...≈.≈≈.≈≈§§§.#
#...###.#.....≈...≈.§.##
#.......#...≈≈≈._.≈≈≈.#
#..#..................#
...##................##


You could see Ijyb.

Vanquished Creatures
  A scorpion (D:4)
  A hound (D:4)
  A gnoll (D:1)
  3 adders (D:2)
  A worm (D:2)
  3 dart slugs
  An orc (D:3)
  3 ball pythons
  4 endoplasms
  7 goblins
  2 hobgoblins (D:2)
  4 quokkas
  2 bats (D:1)
  2 frilled lizards
  2 kobolds
  5 rats
42 creatures vanquished.

Notes
Turn   | Place    | Note
-------+----------+-------------------------------------------
     0 | D:1      | safid the Hill Orc Fighter began the quest for the Orb.
     0 | D:1      | Reached XP level 1. HP: 19/19 MP: 1/1
    72 | D:1      | Reached skill level 3 in Axes
    72 | D:1      | Reached XP level 2. HP: 26/27 MP: 2/2
   101 | D:1      | You fall into a shaft and drop 1 floor!
   204 | D:2      | Reached XP level 3. HP: 33/33 MP: 3/3
   670 | D:1      | Found a faded altar of an unknown god.
  1414 | D:2      | Found a shimmering blue altar of Sif Muna.
  1470 | D:2      | Found Goomin's Assorted Antiques.
  1517 | D:2      | Reached XP level 4. HP: 40/40 MP: 4/4
  1796 | D:3      | Found a burning altar of Makhleb.
  1796 | D:3      | Noticed a blizzard demon
  1799 | D:3      | Noticed a smoke demon
  1799 | D:3      | Noticed an orange demon
  1833 | D:3      | Reached skill level 4 in Axes
  2381 | D:4      | Reached skill level 5 in Axes
  2432 | D:4      | Noticed a scorpion
  2436 | D:4      | Killed a scorpion
  2437 | D:4      | Reached skill level 6 in Axes
  2437 | D:4      | Reached XP level 5. HP: 39/46 MP: 5/5
  2513 | D:4      | Found a shadowy altar of Dithmenos.
  2520 | D:4      | Found a sacrificial altar of Ru.
  2540 | D:4      | Noticed Ijyb
  2554 | D:4      | Paralysed by Ijyb for 7 turns
  2556 | D:4      | HP: 1/46 [poisoned by Ijyb]
  2557 | D:4      | Succumbed to Ijyb's poison

Illustrated notes

Levels and vault maps discovered:
D:1:      eino_arrival_cavern_a, layout_rooms,
          hellmonk_ecumenical_altar_pennies_from_heaven, grunt_decor_one_mirror
D:2:      layout_basic, serial_shops, nicolae_lakefront_shop, basic_altar
D:3:      layout_basic, makhleb_altar_promises_db
D:4:      kennysheep_spiral_hall, layout_cave_pools, amcnicky_altar_gilded,
          mainiacjoe_overflow_large_starburst, uniq_crazy_yiuf_cottage,
          uniq_ijyb, uniq_blork_the_orc

Skill      XL: |  1  2  3  4 |
---------------+-------------+-----
Axes           | 3 6 |  6.1
Fighting       | 4 |  4.0
Armour         | 4 |  4.0
Shields        | 4 |  4.0

Action                   |  1- 3 |  4- 6 || total
-------------------------+-------+-------++-------
Melee: War axe           |    83 |    56 ||   139
  Use: Potion            |       |     1 ||     1
Armor: Scale mail        |    30 |    26 ||    56
Dodge: Dodged            |    55 |    18 ||    73
Block: Buckler           |    13 |     9 ||    22
